 Dungeon Crawl Stone Soup version 0.21.0-3-g78d12a8 (webtiles) character file.

262 sanboga the Fighter (level 6, 0/57 HPs)
             Began as a Gnoll Wanderer on Jan 8, 2018.
             Succumbed to a killer bee's poison
             ... on level 4 of the Dungeon.
             The game lasted 00:05:17 (2224 turns).

sanboga the Fighter (Gnoll Wanderer)                Turns: 2224, Time: 00:05:17

Health: 0/57       AC: 11    Str: 18    XL:     6   Next: 18%
Magic:  8/8        EV: 10    Int: 18    God:
Gold:   206        SH:  0    Dex: 14    Spells: 8/8 levels left

rFire    . . .     SeeInvis .   a - +2 mace
rCold    . . .     Gourm    .   (no shield)
rNeg     . . .     Faith    .   b - +1 chain mail
rPois    .         Spirit   .   (no helmet)
rElec    .         Reflect  .   (no cloak)
rCorr    .         Harm     .   (no gloves)
MR       .....                  (no boots)
Stlth    ..........             (no amulet)
HPRegen  0.19/turn              (no ring)
MPRegen  0.11/turn              (no ring)

@: brilliant, lethally poisoned (0 -> -2), berserk cooldown, flying, slowed,
very slow
A: distributed training, fangs 1, talons 1, repulsion field 1, strong nose
a: no special abilities


You were on level 4 of the Dungeon.
You were not hungry.

You visited 1 branch of the dungeon, and saw 4 of its levels.

You collected 206 gold pieces.

Inventory:

Hand Weapons
 a - a +2 mace (weapon)
Armour
 b - a +1 chain mail (worn)
Jewellery
 c - an uncursed ring of fire {unknown}
 d - an uncursed amulet of the gourmand {unknown}
 j - an uncursed ring of ice {unknown}
 l - a cursed ring of protection from cold {unknown}
Wands
 o - a wand of acid (6)
Scrolls
 e - 3 scrolls of identify {unknown}
 m - 2 scrolls of teleportation {unknown}
 n - a scroll of enchant weapon {unknown}
 r - a scroll of magic mapping {unknown}
Potions
 h - a potion of mutation
Comestibles
 f - 7 rations
 q - a chunk of flesh


   Skills:
 + Level 8.7 Fighting
 + Level 1.8 Short Blades
 + Level 1.8 Long Blades
 + Level 1.8 Axes
 + Level 3.1 Maces & Flails
 + Level 1.8 Polearms
 + Level 1.8 Staves
 + Level 1.8 Slings
 + Level 1.8 Bows
 + Level 1.8 Crossbows
 + Level 4.9 Throwing
 + Level 6.8 Armour
 + Level 1.8 Dodging
 + Level 1.8 Stealth
 + Level 1.8 Shields
 + Level 1.8 Unarmed Combat
 + Level 1.8 Spellcasting
 + Level 1.4 Conjurations
 + Level 1.4 Hexes
 + Level 1.4 Charms
 + Level 1.4 Summonings
 + Level 1.4 Necromancy
 + Level 1.4 Translocations
 + Level 1.4 Transmutations
 + Level 1.4 Fire Magic
 + Level 1.4 Ice Magic
 + Level 1.4 Air Magic
 + Level 1.4 Earth Magic
 + Level 1.4 Poison Magic
 + Level 2.0 Invocations
 + Level 1.8 Evocations


You had 8 spell levels left.
You didn't know any spells.

Dungeon Overview and Level Annotations

Branches:
Dungeon (4/15)
 Temple: D:4-7

Altars:
Dithmenos
Gozag
Sif Muna

Annotations:
D:4 Grinder


Innate Abilities, Weirdness & Mutations

Your experience applies equally to all skills.
You have very sharp teeth.
Your uncanny sense of smell can sniff out nearby items.
You have sharp toenails.
You are surrounded by a mild repulsion field. (EV +2)


Message History

* * * LOW HITPOINT WARNING * * *
You see here a jackal corpse.
You sock Grinder! You claw Grinder.
Grinder is moderately wounded.
* * * LOW HITPOINT WARNING * * *
You feel sick.
Grinder grins, showing sharp teeth.
Grinder closely misses you.
Grinder blinks!
It was a potion of brilliance.
You feel clever all of a sudden.
* * * LOW HITPOINT WARNING * * *
You feel sick. Grinder hits you.
* * * LOW HITPOINT WARNING * * *
Aiming: Corrosive Bolt
Press: ? - help, Shift-Dir - straight line, f - Grinder
Aim: Grinder (moderately wounded)
The bolt of acid hits Grinder.
Grinder is splashed with acid.
The acid corrodes Grinder!
Grinder is severely wounded.
You die...

.... ....... .#
#. ....... .##
# #. .......
<..#.# ........
...... .
.......# #.....
#.
.......###...#
#.
.......#..).#
#.
.......@5(†##
...
#..##.......###
...
##...$......
...
##.#######...
#.. #..# #.. ..
##..## #.# #.
###....## .. #.
#.......## #.#
#.
...........###
..# #.


You could see Grinder.

Vanquished Creatures
  The ghost of Calypsia the Conjurer, an amateur DrCj (D:3)
  A killer bee (D:4)
  A howler monkey (D:4)
  3 oozes
  2 worms (D:2)
  4 dart slugs
  3 leopard geckos
  4 orcs
  4 giant cockroaches
  5 goblins
  7 hobgoblins
  8 jackals
  4 kobolds
  3 quokkas
  3 bats
  3 frilled lizards
  6 rats
62 creatures vanquished.

Notes
Turn   | Place    | Note
-------+----------+-------------------------------------------
     0 | D:1      | sanboga the Gnoll Wanderer began the quest for the Orb.
     0 | D:1      | sanboga set off with: a +2 mace, a +0 hand axe, a potion of lignification, a +0 robe, a ration
     0 | D:1      | Reached XP level 1. HP: 26/26 MP: 1/1
    96 | D:1      | Reached XP level 2. HP: 33/33 MP: 2/2
   438 | D:2      | Reached XP level 3. HP: 31/38 MP: 3/3
   795 | D:2      | Reached skill level 1 in Invocations
   853 | D:2      | Found a deep blue altar of Sif Muna.
  1037 | D:3      | Noticed Calypsia's ghost (amateur DrCj)
  1064 | D:3      | Gained mutation: You have sharp toenails. [potion of mutation]
  1064 | D:3      | Gained mutation: You are surrounded by a mild repulsion field. (EV +2) [potion of mutation]
  1067 | D:3      | Killed Calypsia's ghost
  1067 | D:3      | Reached skill level 1 in Short Blades
  1067 | D:3      | Reached skill level 1 in Long Blades
  1067 | D:3      | Reached skill level 1 in Axes
  1067 | D:3      | Reached skill level 1 in Polearms
  1067 | D:3      | Reached skill level 1 in Staves
  1067 | D:3      | Reached skill level 1 in Slings
  1067 | D:3      | Reached skill level 1 in Bows
  1067 | D:3      | Reached skill level 1 in Crossbows
  1067 | D:3      | Reached skill level 1 in Dodging
  1067 | D:3      | Reached skill level 1 in Stealth
  1067 | D:3      | Reached skill level 1 in Shields
  1067 | D:3      | Reached skill level 1 in Unarmed Combat
  1067 | D:3      | Reached skill level 1 in Spellcasting
  1067 | D:3      | Reached skill level 1 in Conjurations
  1067 | D:3      | Reached skill level 1 in Hexes
  1067 | D:3      | Reached skill level 1 in Charms
  1067 | D:3      | Reached skill level 1 in Summonings
  1067 | D:3      | Reached skill level 1 in Necromancy
  1067 | D:3      | Reached skill level 1 in Translocations
  1067 | D:3      | Reached skill level 1 in Transmutations
  1067 | D:3      | Reached skill level 1 in Fire Magic
  1067 | D:3      | Reached skill level 1 in Ice Magic
  1067 | D:3      | Reached skill level 1 in Air Magic
  1067 | D:3      | Reached skill level 1 in Earth Magic
  1067 | D:3      | Reached skill level 1 in Poison Magic
  1067 | D:3      | Reached skill level 1 in Evocations
  1067 | D:3      | Reached XP level 4. HP: 9/45 MP: 5/5
  1067 | D:3      | Reached XP level 5. HP: 10/51 MP: 6/6
  1992 | D:3      | Found an opulent altar of Gozag.
  2068 | D:4      | Found a shadowy altar of Dithmenos.
  2210 | D:4      | Reached XP level 6. HP: 37/57 MP: 8/8
  2215 | D:4      | Noticed Grinder
  2223 | D:4      | HP: 1/57 [Grinder (2)]
  2224 | D:4      | Succumbed to a killer bee's poison

Skill      XL: |  1  2  3  4  5 |
---------------+----------------+-----
Invocations    | 1 2 |  2.0
Short Blades   | 1 |  1.8
Long Blades    | 1 |  1.8
Axes           | 1 |  1.8
Polearms       | 1 |  1.8
Staves         | 1 |  1.8
Slings         | 1 |  1.8
Bows           | 1 |  1.8
Crossbows      | 1 |  1.8
Dodging        | 1 |  1.8
Stealth        | 1 |  1.8
Shields        | 1 |  1.8
Unarmed Combat | 1 |  1.8
Spellcasting   | 1 |  1.8
Conjurations   | 1 |  1.4
Hexes          | 1 |  1.4
Charms         | 1 |  1.4
Summonings     | 1 |  1.4
Necromancy     | 1 |  1.4
Translocations | 1 |  1.4
Transmutations | 1 |  1.4
Fire Magic     | 1 |  1.4
Ice Magic      | 1 |  1.4
Air Magic      | 1 |  1.4
Earth Magic    | 1 |  1.4
Poison Magic   | 1 |  1.4
Evocations     | 1 |  1.8
Maces & Flails | 3 |  3.1
Fighting       | |  8.7
Throwing       | |  4.9
Armour         | |  6.8

Action                   |  1- 3 |  4- 6 || total
-------------------------+-------+-------++-------
Melee: Mace              |    98 |    62 ||   160
       Bite              |     8 |     3 ||    11
       Kick              |       |    20 ||    20
Evoke: Wand              |       |     1 ||     1
  Use: Scroll            |     4 |       ||     4
       Potion            |     1 |     4 ||     5
  Eat: Chunk             |       |     4 ||     4
Armor: Robe              |     2 |       ||     2
       Chain mail        |    96 |    39 ||   135
Dodge: Dodged            |    58 |    67 ||   125
